 Dungeon Crawl Stone Soup version 0.20.1-1-g8b1a95d (webtiles) character file.

67 Megalobster the Conjurer (level 3, -1/19 HPs)
             Began as a Deep Elf Conjurer on July 17, 2017.
             Slain by a hobgoblin (2 damage)
             ... led by Robin
             ... on level 1 of the Dungeon.
             The game lasted 00:05:13 (2092 turns).

Megalobster the Conjurer (Deep Elf Conjurer)        Turns: 2092, Time: 00:05:14

Health: -1/19      AC:  2    Str:  5    XL:     3   Next: 98%
Magic:  3/10       EV: 13    Int: 20    God:
Gold:   34         SH:  0    Dex: 15    Spells: 7/10 levels left

rFire    . . .     SeeInvis .   k - +0 short sword
rCold    . . .     Gourm    .   (no shield)
rNeg     . . .     Faith    .   a - +0 robe
rPois    .         Spirit   .   (no helmet)
rElec    .         Reflect  .   (no cloak)
rCorr    .         Harm     .   (no gloves)
MR       .....                  (no boots)
Stlth    +++.......             (no amulet)
Regen    0.1/turn               x - ring of stealth
MPRegen  0.2/turn               (no ring)

@: no status effects
A: no striking features
a: no special abilities


You were on level 1 of the Dungeon.
You were hungry.

You visited 1 branch of the dungeon, and saw 3 of its levels.

You collected 34 gold pieces.

Inventory:

Hand Weapons
 k - a +0 short sword (weapon)
 m - a +0 hunting sling
 w - a +0 hunting sling
Missiles
 o - 36 sling bullets
 q - 35 stones (quivered)
Armour
 a - a +0 robe (worn)
Jewellery
 x - a ring of stealth (left hand)
Scrolls
 d - a scroll of random uselessness {unknown}
 e - a scroll of teleportation {unknown}
 f - a scroll of enchant weapon {unknown}
 g - a scroll of fog {unknown}
 i - a scroll of immolation {unknown}
 j - a scroll of identify {unknown}
 l - a scroll of fear {unknown}
 p - a scroll of noise {unknown}
 r - a scroll of magic mapping {unknown}
 s - a scroll of enchant armour {unknown}
 y - a scroll of recharging {unknown}
Potions
 h - 2 potions of invisibility {unknown}
 n - 2 potions of curing {unknown}
 t - a potion of brilliance {unknown}
Books
 b - a book of Conjurations

   Spells                             Type                      Level
   a - Magic Dart                     Conjuration                  1
   b - Searing Ray                    Conjuration                  2
   c - Dazzling Spray                 Conjuration/Hexes            3
   d - Fulminant Prism                Conjuration/Hexes            4
   e - Force Lance                    Conjuration/Translocation    4
   f - Iskenderun's Mystic Blast      Conjuration                  4
Comestibles
 c - 4 bread rations
 u - 2 fruits
 v - 5 chunks of flesh


   Skills:
 - Level 2.4 Dodging
 - Level 2.4 Stealth
 + Level 4.4 Spellcasting
 * Level 5.4 Conjurations


You had 7 spell levels left.
You knew the following spells:

 Your Spells              Type           Power        Failure   Level  Hunger
a - Magic Dart            Conj           ####         1%          1    None
b - Searing Ray           Conj           ####..       1%          2    #......


Dungeon Overview and Level Annotations

Branches:
Dungeon (3/15)

Altars:

Annotations:
D:2 Robin


Message History

The hobgoblin hits you.
* * * LOW HITPOINT WARNING * * *
You climb upwards.
There is a stone staircase leading down here.
You hit the hobgoblin.
The hobgoblin is heavily wounded.
The hobgoblin barely misses you.
You hit the hobgoblin but do no damage.
The hobgoblin is heavily wounded.
The hobgoblin no longer looks unusually strong.
The hobgoblin barely misses you.
You barely miss the hobgoblin.
The hobgoblin is heavily wounded.
The hobgoblin hits you.
* * * LOW HITPOINT WARNING * * *
The hobgoblin hits you but does no damage.
You hit the hobgoblin but do no damage.
The hobgoblin is heavily wounded.
The hobgoblin hits you.
You die...

#.......##....##...
#.......##....##...
#.......##....##...
#########.....##... ###.########'
# #...# #... # ####### #####
#...# #... # #.....# ##g..###...#
#... # ##.#'#.####..@..##...#
#... # #..#.#..##.......#...#
#...
#######.########'####...######...
'..####.########.#######.........
##.......................########
##.######.###########.#### ##.#
#'# #...##.# ## ##.# ###.###
#.⌠..#.# #. #.# #.....# #.<..'.#
#.


You could see a hobgoblin.

Vanquished Creatures
  A gnoll (D:1)
  A worm (D:2)
  3 dart slugs
  3 leopard geckos
  3 bats
  3 giant cockroaches
  11 goblins
  5 hobgoblins
  3 kobolds
  3 frilled lizards (D:2)
  7 rats (D:1)
43 creatures vanquished.

Notes
Turn   | Place    | Note
-------+----------+-------------------------------------------
     0 | D:1      | Megalobster the Deep Elf Conjurer began the quest for the Orb.
     0 | D:1      | Reached XP level 1. HP: 10/10 MP: 6/6
   167 | D:1      | Reached XP level 2. HP: 15/15 MP: 1/8
   171 | D:1      | Learned a level 2 spell: Searing Ray
   771 | D:1      | Reached skill level 5 in Conjurations
  1225 | D:1      | Reached XP level 3. HP: 19/19 MP: 2/10
  2054 | D:2      | Noticed Robin
  2092 | D:1      | Slain by a hobgoblin

Skill      XL: |  1  2  3 |
---------------+----------+-----
Conjurations   | 5 |  5.4
Spellcasting   | 4 |  4.4
Dodging        | |  2.4
Stealth        | |  2.4

Action                   || total
-------------------------++-------
Melee: Short sword       ||     4
 Cast: Magic Dart        ||    69
       Searing Ray       ||     6
  Eat: Chunk             ||     3
Armor: Robe              ||     2
Dodge: Dodged            ||    15
